[Event "Titled Tuesday Blitz June 21 Early 2022"]
[White "Zhigalko, Sergei"]
[Black "Pinheiro, Iung Alicio de O."]
[WhiteFideId "13502956"]
[BlackFideId "2104350"]
[WhiteElo "2662"]
[BlackElo "2283"]
[Result "1-0"]
[Round "06"]
[TimeControl "180+1"]
[Date "2022.06.21"]
[WhiteClock "0:01:59"]
[BlackClock "0:00:37"]

1. e4 c5 2. Nf3 Nc6 3. c3 d5 4. exd5 Qxd5 5. d4 Bg4 6. dxc5 Qxc5 7. Na3 a6 8. Be3 Qh5 9. Be2 Nf6 10. h3 e6 11. Qb3 O-O-O 12. Nc4 Be7 13. Bf4 Nd5 14. Bh2 Bxf3 15. Bxf3 Qh6 16. Bxd5 Rxd5 17. Nb6+ Kd8 18. Nxd5 exd5 19. Qxd5+ Kc8 20. O-O Qg6 21. Rad1 Rd8 22. Qf3 Bd6 23. Rxd6 Rxd6 24. Bxd6 Qxd6 25. Qxf7 1-0


[Site "https://www.chess.com"]

[Event "Titled Tuesday Blitz June 21 Early 2022"]
[White "Ziatdinov, Raset"]
[Black "Ljukin, Sergei"]
[WhiteFideId "2015323"]
[BlackFideId "14102200"]
[WhiteElo "2220"]
[BlackElo "2312"]
[Result "0-1"]
[Round "06"]
[TimeControl "180+1"]
[Date "2022.06.21"]
[WhiteClock "0:00:10"]
[BlackClock "0:00:04"]

1. d4 d5 2. Nc3 Nf6 3. Bf4 e6 4. e3 Bb4 5. Ne2 b6 6. a3 Bd6 7. Bxd6 Qxd6 8. Nf4 O-O 9. Bd3 c5 10. dxc5 bxc5 11. Qf3 Nc6 12. Qg3 c4 13. Be2 e5 14. Nh5 Nxh5 15. Bxh5 Bf5 16. Rd1 d4 17. exd4 Nxd4 18. O-O Bxc2 19. Rde1 Bd3 20. Ne4 Qh6 21. Qxe5 Nc2 22. Bf3 Rae8 23. Qd5 Nxe1 24. Rxe1 Qe6 25. Qd4 f5 26. Nf6+ Qxf6 27. Qd5+ Kh8 28. Rxe8 Rxe8 29. h3 Be4 30. Qd7 Qe6 31. Qxa7 Bxf3 32. gxf3 h6 33. f4 Qe1+ 34. Kh2 Qe4 35. Qc7 Re6 36. Qc8+ Kh7 37. Kg3 Rg6+ 38. Kh2 Qg2# 0-1


[Site "https://www.chess.com"]

[Event "Titled Tuesday Blitz June 21 Early 2022"]
[White "parintele_chess"]
[Black "Bintang, Rasyid A. Hidayat"]
[BlackFideId "7105355"]
[WhiteElo "2242"]
[BlackElo "2411"]
[Result "0-1"]
[Round "06"]
[TimeControl "180+1"]
[Date "2022.06.21"]
[WhiteClock "0:00:20"]
[BlackClock "0:01:29"]

1. d4 d5 2. c4 Nc6 3. Nc3 Nf6 4. cxd5 Nxd5 5. e4 Nxc3 6. bxc3 e5 7. d5 Nb8 8. Nf3 Bd6 9. Bd3 O-O 10. O-O Nd7 11. Be3 Qe7 12. Rc1 Bc5 13. Bxc5 Nxc5 14. Bb1 Bg4 15. h3 Bh5 16. g4 Bg6 17. Kg2 Bxe4 18. Bxe4 Nxe4 19. Re1 f5 20. gxf5 Nd6 21. Rxe5 Qf6 22. Re6 Qxf5 23. c4 Rae8 24. Qe2 Ne4 25. Rxe8 Rxe8 26. Re1 Qg6+ 27. Kh2 Nd6 28. Qf1 Rxe1 29. Nxe1 Qe4 30. c5 Nc4 31. Qh1 Qe5+ 32. Kg1 Qxe1+ 0-1


[Site "https://www.chess.com"]

[Event "Titled Tuesday Blitz June 21 Early 2022"]
[White "Agasarov, Benik"]
[Black "Stribuk, Artiom"]
[WhiteFideId "13314823"]
[BlackFideId "13515659"]
[WhiteElo "2653"]
[BlackElo "2259"]
[Result "0-1"]
[Round "07"]
[TimeControl "180+1"]
[Date "2022.06.22"]
[WhiteClock "0:00:06"]
[BlackClock "0:00:09"]

1. e4 c5 2. Nf3 Nc6 3. Bb5 e6 4. O-O Nge7 5. d4 cxd4 6. Nxd4 Ng6 7. Be3 Be7 8. Nc3 O-O 9. a3 Qc7 10. Be2 a6 11. f4 b5 12. Nxc6 Qxc6 13. e5 Bb7 14. Bf3 Qc7 15. Bxb7 Qxb7 16. Qd3 Rfd8 17. Ne4 Rac8 18. b3 Qc6 19. Rf2 d5 20. Ng3 Bc5 21. a4 Bxe3 22. Qxe3 b4 23. Raf1 Qc3 24. Qa7 Qc6 25. f5 Nxe5 26. fxe6 fxe6 27. Nh5 Rd7 28. Qe3 Ng6 29. Qg5 e5 30. Qf5 Qd6 31. Qg4 Rcd8 32. Ng3 e4 33. Nf5 Qc5 34. h4 e3 35. Re2 d4 36. h5 Ne5 37. Nh6+ Kh8 38. Qg5 gxh6 39. Qf6+ Kg8 40. Rf5 Qe7 41. Qxe7 Rxe7 42. g3 Nf7 43. Rf3 Ng5 44. Rf4 d3 45. cxd3 Rxd3 46. Kg2 Rd2 47. Kf1 Rd1+ 48. Kg2 Rd2 49. Kf1 Rxe2 50. Kxe2 a5 51. Rc4 Rd7 52. Rc8+ Kf7 53. Kxe3 Rd1 54. Rc7+ Ke6 55. Rc6+ Kf5 56. Rxh6 Rb1 57. Ra6 Rxb3+ 58. Kd4 Rxg3 59. Rxa5+ Kg4 60. Rb5 b3 61. Kc4 Kxh5 62. a5 Rg1 63. Rxb3 Ra1 64. Kb5 Kg6 65. a6 h5 66. Kb6 h4 67. a7 h3 68. Rb2 Ne6 69. Kb7 Nc5+ 70. Kb8 Nd7+ 71. Kb7 Nc5+ 72. Kb8 Na6+ 73. Kb7 Nc7 74. Rb6+ Kg5 75. Rb5+ Nxb5 76. a8=Q Rxa8 77. Kxa8 Nd4 78. Kb7 Nf3 79. Kc6 h2 80. Kd5 h1=Q 81. Ke6 Kf4 82. Kf7 Qa1 83. Kg8 Ng5 84. Kf8 Qa7 85. Kg8 Ne6 86. Kh8 Qg7# 0-1


[Site "https://www.chess.com"]

[Event "Titled Tuesday Blitz June 21 Early 2022"]
[White "Agibileg, Uurtsaikh"]
[Black "Sukandar, Irine Kharisma"]
[WhiteFideId "4901606"]
[BlackFideId "7101937"]
[WhiteElo "2205"]
[BlackElo "2293"]
[Result "0-1"]
[Round "07"]
[TimeControl "180+1"]
[Date "2022.06.22"]
[WhiteClock "0:00:02"]
[BlackClock "0:00:04"]

1. d4 d5 2. c4 dxc4 3. e4 b5 4. a4 c6 5. Nc3 b4 6. Na2 Nf6 7. e5 Nd5 8. Bxc4 e6 9. Nf3 Be7 10. O-O O-O 11. Nd2 Ba6 12. Bxa6 Nxa6 13. Ne4 c5 14. Qg4 Kh8 15. Bg5 cxd4 16. Nc1 Nc5 17. Bxe7 Qxe7 18. Nd6 f5 19. Qxd4 Nb7 20. Nxb7 Qxb7 21. Nd3 Rac8 22. Rac1 Rfd8 23. Rxc8 Qxc8 24. Qc5 Qb7 25. Rc1 h6 26. h4 b3 27. Qc6 Qe7 28. Nc5 Nf4 29. Qf3 Qxh4 30. g3 Nh3+ 31. Kg2 Qg5 32. Rf1 Qe7 33. Nxb3 Ng5 34. Qc3 Qb7+ 35. f3 Rc8 36. Qd3 Rb8 37. Nd4 Qxb2+ 38. Rf2 Qa1 39. f4 Ne4 40. Qf1 Qxd4 41. Re2 Qd3 42. Qe1 Rb3 43. a5 Qxg3+ 44. Qxg3 Rxg3+ 45. Kh2 Ra3 46. Rc2 Rxa5 47. Rc6 Nc5 48. Kg3 Rb5 49. Kh4 Kh7 50. Kh5 a5 51. Rc7 a4 52. Ra7 Rb4 0-1


[Site "https://www.chess.com"]

[Event "Titled Tuesday Blitz June 21 Early 2022"]
[White "Aldokhin, Ivan"]
[Black "Pham, Le Thao Nguyen"]
[WhiteFideId "24115720"]
[BlackFideId "12401226"]
[WhiteElo "2231"]
[BlackElo "2282"]
[Result "0-1"]
[Round "07"]
[TimeControl "180+1"]
[Date "2022.06.22"]
[WhiteClock "0:00:03"]
[BlackClock "0:00:13"]

1. d4 d5 2. c4 c6 3. cxd5 cxd5 4. Bg5 Nc6 5. Nc3 Nf6 6. Bxf6 gxf6 7. e3 e6 8. Bd3 a6 9. Rc1 Bd6 10. f4 Ne7 11. Nf3 Bd7 12. O-O Qb6 13. Qd2 Bb5 14. Nxb5 axb5 15. Bb1 h5 16. Kh1 h4 17. h3 Kd7 18. Rfe1 f5 19. Qf2 Ng6 20. Nd2 Rhc8 21. Nb3 Rc4 22. Bd3 Rxa2 23. Bxc4 bxc4 24. Nc5+ Bxc5 25. dxc5 Qxb2 26. Qf3 Qf2 27. Qxf2 Rxf2 28. Rb1 Kc7 29. Rec1 Nf8 30. Kg1 Re2 31. Rc3 Nd7 32. Kf1 Ra2 33. e4 fxe4 34. g3 Nxc5 35. Kg1 Nd3 36. gxh4 Nxf4 0-1


[Site "https://www.chess.com"]

[Event "Titled Tuesday Blitz June 21 Early 2022"]
[White "Al-Tarboush, Ward"]
[Black "Manukian, Artak"]
[WhiteFideId "7601450"]
[BlackFideId "13301373"]
[WhiteElo "2249"]
[BlackElo "2469"]
[Result "1/2-1/2"]
[Round "07"]
[TimeControl "180+1"]
[Date "2022.06.22"]
[WhiteClock "0:00:09"]
[BlackClock "0:00:06"]

1. e4 c6 2. Nf3 d5 3. Nc3 dxe4 4. Nxe4 Nf6 5. Nxf6+ exf6 6. Bc4 Bd6 7. Qe2+ Qe7 8. Qxe7+ Kxe7 9. O-O Be6 10. Re1 Kd7 11. Be2 Re8 12. d3 Na6 13. a3 Kc7 14. b4 Rad8 15. Be3 Kb8 16. c4 Bg4 17. d4 g5 18. Rab1 Nc7 19. a4 Bf4 20. Bxf4 gxf4 21. Rbd1 Bxf3 22. gxf3 Ne6 23. d5 cxd5 24. cxd5 Ng5 25. Kf1 h5 26. h4 Nh7 27. Bd3 Nf8 28. Be4 Ng6 29. d6 Nxh4 30. Rd5 f5 31. Bd3 Rxe1+ 32. Kxe1 Nxf3+ 33. Ke2 Nh4 34. Bc4 Ng6 35. Rd4 Ne5 36. Bb3 f6 37. Kf1 f3 38. Rf4 Rxd6 39. Rxf5 Ng4 40. Kg1 Rd3 41. Bc4 Rd1+ 42. Bf1 Nh2 43. Kxh2 Rxf1 44. Rxf3 Rb1 45. Rf4 Kc7 46. Kh3 Kd7 47. Kh4 Ke6 48. Kxh5 Ke5 49. Kg4 Rb3 50. f3 b6 51. Re4+ Kd6 52. Kf4 a5 53. Rd4+ Kc6 54. bxa5 bxa5 55. Re4 Rb4 56. Kf5 Kd5 57. Rf4 Rb6 58. Re4 Rb4 59. Re3 Rxa4 60. Kxf6 Rf4+ 61. Kg5 Rf8 62. f4 Kc4 63. Re4+ Kb3 64. Re7 a4 65. Rb7+ Kc3 66. f5 a3 67. Ra7 Kb2 68. Rb7+ Kc2 69. Rc7+ Kb2 70. Rb7+ Kc2 71. Ra7 Kb2 72. f6 a2 73. Rb7+ Kc2 74. Ra7 Kb2 75. Rb7+ Kc2 76. Ra7 Kb2 1/2-1/2


[Site "https://www.chess.com"]

[Event "Titled Tuesday Blitz June 21 Early 2022"]
[White "Aradhya, Garg"]
[Black "Krallis, Christos"]
[WhiteFideId "25006746"]
[BlackFideId "4298896"]
[WhiteElo "2203"]
[BlackElo "2234"]
[Result "0-1"]
[Round "07"]
[TimeControl "180+1"]
[Date "2022.06.22"]
[WhiteClock "0:01:21"]
[BlackClock "0:00:28"]

1. d4 Nf6 2. Nf3 d5 3. c4 e6 4. Nc3 Be7 5. Bf4 O-O 6. g3 c5 7. cxd5 exd5 8. Bg2 Nc6 9. O-O h6 10. Rc1 c4 11. Ne5 Be6 12. b3 cxb3 13. Nxc6 bxc6 14. axb3 Nh5 15. Bd2 Nf6 16. Bf4 Nh5 17. Be3 f5 18. Na4 Qd7 19. Qc2 Rac8 20. Nc5 Bxc5 21. Qxc5 f4 22. Bd2 fxg3 23. hxg3 Bh3 24. Rc3 Bxg2 25. Kxg2 Nf6 26. f3 Rce8 27. Re3 Rxe3 28. Bxe3 Qe6 29. Qc3 Re8 30. Bf4 Qxe2+ 31. Rf2 Qb5 32. Be5 Nd7 33. f4 c5 34. dxc5 Nxc5 35. Bxg7 Ne4 36. Qc7 Qd3 0-1


[Site "https://www.chess.com"]

[Event "Titled Tuesday Blitz June 21 Early 2022"]
[White "Araujo Sanchez, Josue"]
[Black "Kvon, Andrey"]
[WhiteFideId "6416896"]
[BlackFideId "14201356"]
[WhiteElo "2339"]
[BlackElo "2458"]
[Result "0-1"]
[Round "07"]
[TimeControl "180+1"]
[Date "2022.06.22"]
[WhiteClock "0:00:03"]
[BlackClock "0:00:13"]

1. d4 Nf6 2. Bg5 c5 3. Bxf6 gxf6 4. Nc3 cxd4 5. Qxd4 Nc6 6. Qh4 Qa5 7. O-O-O Qg5+ 8. Qxg5 fxg5 9. h4 g4 10. e4 d6 11. Nd5 Kd8 12. Ne2 e6 13. Nf6 Ne5 14. Ng3 Ke7 15. Nfh5 Bd7 16. Be2 Rc8 17. Kb1 a6 18. f4 gxf3 19. gxf3 Rg8 20. f4 Nc4 21. f5 Ne5 22. Rhg1 Bc6 23. Nf4 Bh6 24. Rdf1 Kd7 25. Ngh5 Rxg1 26. Rxg1 Ke7 27. Bd3 Nf3 28. f6+ Kd7 29. Rg7 Bxg7 30. fxg7 Ke7 31. e5 dxe5 32. Nxe6 Kxe6 33. Bxh7 Nxh4 34. g8=Q Rxg8 35. Bxg8 Be4 36. Ng3 Bg6 37. Kc1 Nf5 38. Ne4 Ne7 39. Nc5+ Kd5 40. Bxf7+ Bxf7 41. Nxb7 Nc6 42. b3 e4 43. Kd2 Ne5 44. Ke3 Ng4+ 45. Kf4 e3 46. Kf3 Kd4 47. Nd6 Bd5+ 48. Ke2 Bc6 49. a4 Ke5 50. Nc4+ Kf4 51. c3 Bf3+ 52. Kd3 Nf2+ 53. Kc2 Be4+ 54. Kc1 Kf3 55. Nxe3 Kxe3 56. b4 Nd3+ 57. Kd1 Bd5 58. b5 Bb3# 0-1


[Site "https://www.chess.com"]

[Event "Titled Tuesday Blitz June 21 Early 2022"]
[White "Barbashin, Igor"]
[Black "Sanchez, Robert"]
[WhiteFideId "4155718"]
[BlackFideId "2034360"]
[WhiteElo "2138"]
[BlackElo "2005"]
[Result "1-0"]
[Round "07"]
[TimeControl "180+1"]
[Date "2022.06.22"]
[WhiteClock "0:01:28"]
[BlackClock "0:00:11"]

1. d4 d5 2. c4 e6 3. Nc3 Be7 4. Nf3 Nf6 5. e3 O-O 6. Bd3 c6 7. O-O Nbd7 8. h3 b6 9. Qe2 Bb7 10. Rd1 Qc8 11. b3 Re8 12. Bb2 Bd6 13. e4 dxe4 14. Nxe4 Nxe4 15. Bxe4 Nf6 16. Bc2 h6 17. Ne5 c5 18. Ng4 Nxg4 19. Qxg4 cxd4 20. Rxd4 Be5 21. Rd8 Qxd8 22. Bxe5 f6 23. Bc3 Qe7 24. Qg6 f5 25. Re1 Qf7 26. Qg3 Rad8 27. Qe5 Qg6 28. g3 Kh7 29. Kh2 h5 30. Rg1 Rd7 31. g4 hxg4 32. Rxg4 Qh6 33. Rg3 Ree7 34. Bb4 Qc1 1-0


[Site "https://www.chess.com"]

[Event "Titled Tuesday Blitz June 21 Early 2022"]
[White "Barp, Alberto"]
[Black "Tasev, Dejan"]
[WhiteFideId "872555"]
[BlackFideId "936618"]
[WhiteElo "2229"]
[BlackElo "2253"]
[Result "1/2-1/2"]
[Round "07"]
[TimeControl "180+1"]
[Date "2022.06.21"]
[WhiteClock "0:01:18"]
[BlackClock "0:00:31"]

1. d4 Nf6 2. Bg5 e6 3. e4 d5 4. e5 h6 5. Be3 Nfd7 6. c3 c5 7. Bd3 Nc6 8. Ne2 cxd4 9. cxd4 Nb4 10. Nbc3 Nxd3+ 11. Qxd3 a6 12. O-O Nb6 13. b3 Bd7 14. a4 Rc8 15. Bc1 Be7 16. Qg3 Kf8 17. Ba3 Bxa3 18. Rxa3 Qg5 19. Qd3 Qe7 20. Raa1 g6 21. a5 Na8 22. Rfc1 Nc7 23. Nd1 Kg7 24. Qd2 Nb5 25. Nb2 Rxc1+ 26. Rxc1 Rc8 27. Nd3 Rxc1+ 28. Qxc1 Qa3 29. Qxa3 Nxa3 30. Nc5 Bc6 31. f4 Kf8 32. Kf2 Ke7 33. Ke3 Kd8 34. Kd2 Kc7 35. Ng1 Nb5 36. Kd3 Na7 37. b4 Bb5+ 38. Kc3 Nc6 39. g4 Bc4 40. Nh3 Na7 41. Kd2 Nc6 42. Kc3 Na7 43. Kd2 Nc6 44. Kc3 1/2-1/2


[Site "https://www.chess.com"]

[Event "Titled Tuesday Blitz June 21 Early 2022"]
[White "Barria Zuniga, Daniel"]
[Black "Kopczynski, Michal"]
[WhiteFideId "3400816"]
[BlackFideId "1124200"]
[WhiteElo "2414"]
[BlackElo "2235"]
[Result "1-0"]
[Round "07"]
[TimeControl "180+1"]
[Date "2022.06.22"]
[WhiteClock "0:00:26"]
[BlackClock "0:00:23"]

1. d4 Nf6 2. c4 g6 3. Nc3 Bg7 4. e4 d6 5. Be2 O-O 6. Nf3 e5 7. d5 Ne8 8. h4 c5 9. h5 Bg4 10. hxg6 fxg6 11. Ng5 Bxe2 12. Qxe2 Nc7 13. Nxh7 Rf4 14. g3 Rf7 15. Qg4 Nd7 16. Qxg6 Nf8 17. Nxf8 Kxf8 18. Bg5 Qd7 19. Rh7 Ne8 20. Nd1 Rf3 21. Ne3 Qf7 22. Qxf7+ Kxf7 23. Ke2 Rxe3+ 24. Bxe3 Kg6 25. Rh4 Nf6 26. f3 b5 27. cxb5 Rb8 28. a4 a6 29. bxa6 Rxb2+ 30. Kd3 Nd7 31. a5 Rb3+ 32. Kc2 Rb8 33. Kc3 Ra8 34. Kc4 Rxa6 35. Kb5 Nb8 36. Rg4+ Kf7 37. Rh1 Ra7 38. Rh7 Kg8 39. Rhxg7+ Rxg7 40. Rxg7+ Kxg7 41. Kb6 c4 42. Kb7 c3 43. a6 c2 44. Kxb8 c1=Q 45. Bxc1 1-0


[Site "https://www.chess.com"]

[Event "Titled Tuesday Blitz June 21 Early 2022"]
[White "Bethke, Richard"]
[Black "Warchol, Kamil"]
[WhiteFideId "12959243"]
[BlackFideId "21858241"]
[WhiteElo "2497"]
[BlackElo "1951"]
[Result "1-0"]
[Round "07"]
[TimeControl "180+1"]
[Date "2022.06.22"]
[WhiteClock "0:00:17"]
[BlackClock "0:00:01"]

1. e4 c5 2. Nf3 d6 3. d4 cxd4 4. Nxd4 Nf6 5. Nc3 Nc6 6. Bg5 Qb6 7. Nb3 e6 8. Qd2 Be7 9. O-O-O O-O 10. f4 Rd8 11. h4 Ng4 12. Re1 f6 13. Be2 Nf2 14. Rhf1 fxg5 15. hxg5 Rf8 16. Bf3 Bd7 17. Rxf2 Rxf4 18. Na4 Qb4 19. c3 Qxa4 20. Qxf4 Qxa2 21. Kc2 Rc8 22. Nc1 Qa4+ 23. b3 Qa5 24. Bh5 Nd4+ 25. Kb1 Rf8 26. Qxf8+ Bxf8 27. Ref1 Nf5 28. exf5 exf5 29. g6 hxg6 30. Bxg6 Qxc3 31. g4 Be7 32. Rc2 Qe5 33. Re2 Qf6 34. gxf5 Bf8 35. Rh2 Be7 36. Bh7+ Kf8 37. Bg6 Kg8 38. Rfh1 Qxg6 39. fxg6 1-0


[Site "https://www.chess.com"]

[Event "Titled Tuesday Blitz June 21 Early 2022"]
[White "Bintang, Rasyid A. Hidayat"]
[Black "Nilssen, Ellen Fredericia"]
[WhiteFideId "7105355"]
[BlackFideId "1441230"]
[WhiteElo "2415"]
[BlackElo "2094"]
[Result "1-0"]
[Round "07"]
[TimeControl "180+1"]
[Date "2022.06.22"]
[WhiteClock "0:00:57"]
[BlackClock "0:00:01"]

1. d4 d5 2. Bf4 Nc6 3. Nc3 Bf5 4. e4 Bxe4 5. Nxe4 dxe4 6. d5 Nb8 7. Bb5+ c6 8. Bc4 Nf6 9. dxc6 Nxc6 10. Ne2 e5 11. Bg5 Be7 12. O-O O-O 13. Ng3 Qb6 14. Bb3 Nd4 15. Bxf6 Bxf6 16. Nxe4 Be7 17. Nc3 Rad8 18. Nd5 Qd6 19. Nxe7+ Qxe7 20. c3 Ne6 21. Qe2 Nf4 22. Qe3 Rd3 23. Qe4 Rfd8 24. Rfe1 Qg5 25. g3 Nh3+ 26. Kg2 Nf4+ 27. Kf1 Ng6 28. Qxb7 h5 29. Qxf7+ Kh7 30. h4 Qg4 31. Be6 Qa4 32. Bf5 R3d6 33. Bxg6+ Rxg6 34. Rxe5 Qg4 35. Qf5 Rd1+ 36. Rxd1 Qxd1+ 37. Kg2 Kh6 38. Qf4+ Kh7 39. Rg5 1-0


[Site "https://www.chess.com"]

[Event "Titled Tuesday Blitz June 21 Early 2022"]
[White "Borisova, Ekaterina"]
[Black "Chigaev, Maksim"]
[WhiteFideId "34124184"]
[BlackFideId "4108116"]
[WhiteElo "2039"]
[BlackElo "2457"]
[Result "0-1"]
[Round "07"]
[TimeControl "180+1"]
[Date "2022.06.21"]
[WhiteClock "0:00:01"]
[BlackClock "0:00:05"]

1. d4 Nf6 2. c4 e6 3. g3 d5 4. Nf3 Be7 5. Bg2 O-O 6. O-O dxc4 7. Qc2 a6 8. a4 Nc6 9. Qxc4 Na5 10. Qc2 b6 11. Ne5 Bb7 12. Bxb7 Nxb7 13. Nc6 Qe8 14. Bg5 Bc5 15. Bxf6 gxf6 16. Qe4 f5 17. Qf3 Bd6 18. Nd2 f6 19. e3 Kh8 20. Rac1 Qd7 21. Rc2 Rae8 22. Rfc1 b5 23. axb5 axb5 24. Nb3 Ra8 25. Nb4 Na5 26. Nc5 Qe8 27. Nbd3 Nc4 28. b3 Nb6 29. e4 fxe4 30. Qxe4 e5 31. dxe5 fxe5 32. Re2 Qh5 33. Rce1 Rae8 34. Nb7 Nd7 35. Nxd6 cxd6 36. Nb4 Nf6 37. Qc6 Ng4 38. h4 Re6 39. Nd5 Rg6 40. Ne3 Nh6 41. Qe4 Ng8 42. Rd2 Nf6 43. Qc6 Qxh4 44. Kf1 Rxg3 0-1


[Site "https://www.chess.com"]

[Event "Titled Tuesday Blitz June 21 Early 2022"]
[White "Bortnyk, Mykola"]
[Black "Yedidia, Daniel"]
[WhiteFideId "14120836"]
[BlackFideId "30905907"]
[WhiteElo "2582"]
[BlackElo "2605"]
[Result "1-0"]
[Round "07"]
[TimeControl "180+1"]
[Date "2022.06.21"]
[WhiteClock "0:01:09"]
[BlackClock "0:00:24"]

1. e4 e5 2. Nf3 Nc6 3. Bc4 Nf6 4. Ng5 d5 5. exd5 Na5 6. Bb5+ c6 7. dxc6 bxc6 8. Qf3 Be7 9. Nc3 O-O 10. Bd3 h6 11. h4 Nb7 12. Nce4 Nd6 13. Nxd6 Qxd6 14. Ne4 Nxe4 15. Qxe4 f5 16. Qe2 Bf6 17. Bc4+ Kh8 18. d3 Bb7 19. Bd2 c5 20. O-O-O Rab8 21. Bc3 Bxg2 22. Rhg1 Bd5 23. Qh5 Qe6 24. Rg6 Kh7 25. Rdg1 Rg8 26. Bd2 f4 27. Bxd5 Qxd5 28. Bxf4 exf4 29. Qxd5 1-0


[Site "https://www.chess.com"]

[Event "Titled Tuesday Blitz June 21 Early 2022"]
[White "Carrasco Miranda, Andres"]
[Black "Devaev, Alexander"]
[WhiteFideId "3405990"]
[BlackFideId "4169395"]
[WhiteElo "2177"]
[BlackElo "2185"]
[Result "1-0"]
[Round "07"]
[TimeControl "180+1"]
[Date "2022.06.22"]
[WhiteClock "0:00:31"]
[BlackClock "0:00:35"]

1. d4 Nf6 2. c4 e6 3. g3 c5 4. Nf3 cxd4 5. Nxd4 Nc6 6. Bg2 Be7 7. O-O O-O 8. Nc3 Ne5 9. b3 d6 10. Bb2 a6 11. Qd2 Qc7 12. Rac1 Rb8 13. f4 Ng6 14. e4 Re8 15. f5 Ne5 16. fxe6 fxe6 17. Kh1 Bf8 18. Nf3 Nfd7 19. Qf4 Nd3 20. Qg4 Nf6 21. Qh4 Nxc1 22. Ng5 Nd3 23. e5 Nxe5 24. Nd5 Ng6 25. Qd4 Nxd5 26. Bxd5 Qc5 27. Rxf8+ 1-0


[Site "https://www.chess.com"]

[Event "Titled Tuesday Blitz June 21 Early 2022"]
[White "Cherniaiev, Tykhon"]
[Black "Yilmaz, Mustafa"]
[WhiteFideId "14182360"]
[BlackFideId "6302718"]
[WhiteElo "2289"]
[BlackElo "2568"]
[Result "1-0"]
[Round "07"]
[TimeControl "180+1"]
[Date "2022.06.21"]
[WhiteClock "0:00:14"]
[BlackClock "0:00:09"]

1. Nf3 c5 2. c4 g6 3. g3 Bg7 4. Bg2 Nc6 5. O-O e6 6. Nc3 Nge7 7. d4 cxd4 8. Nb5 O-O 9. Nbxd4 d5 10. cxd5 Nxd4 11. Nxd4 Nxd5 12. e4 Qb6 13. Nxe6 Nc3 14. bxc3 Bxe6 15. Be3 Qa6 16. Bd4 Rfd8 17. Qd2 Rac8 18. Rfd1 Bg4 19. f3 Be6 20. Qf2 Qa4 21. Rd2 Rc4 22. Rad1 Rdc8 23. f4 Bxd4 24. cxd4 Rc1 25. Bf3 Bxa2 26. Rxa2 Rxd1+ 27. Kg2 Qxd4 28. Bxd1 Qxd1 29. Qxa7 Rc1 30. Qb8+ Kg7 31. Qe5+ f6 32. Qe7+ Kh6 33. Qf8+ Kh5 34. Ra5+ f5 35. Rxf5+ gxf5 36. Qxf5+ Kh6 37. Qg5# 1-0


[Site "https://www.chess.com"]

[Event "Titled Tuesday Blitz June 21 Early 2022"]
[White "Chernomordik, Pavel"]
[Black "Jaferian, Koosha"]
[WhiteFideId "2804530"]
[BlackFideId "12507440"]
[WhiteElo "2220"]
[BlackElo "2030"]
[Result "0-1"]
[Round "07"]
[TimeControl "180+1"]
[Date "2022.06.21"]
[WhiteClock "0:00:48"]
[BlackClock "0:01:30"]

1. e4 c6 2. Nc3 d5 3. Nf3 Bg4 4. Be2 e6 5. O-O Nf6 6. Ne5 Bxe2 7. Qxe2 Nbd7 8. Nf3 dxe4 9. Nxe4 Nxe4 10. Qxe4 Nf6 11. Qe2 Bd6 12. d4 O-O 13. h3 Qc7 14. c4 c5 15. Bg5 Nh5 16. d5 Rfe8 17. Qd3 Nf4 18. Bxf4 Bxf4 19. Rfe1 Rad8 20. Rad1 exd5 21. Rxe8+ Rxe8 22. cxd5 Qd6 23. Qb5 Re7 24. Qa4 a6 25. a3 b5 26. Qc2 c4 27. Qf5 g6 28. Qc8+ Kg7 29. a4 Be5 30. axb5 axb5 31. Rd2 Rc7 32. Qg4 Bf6 33. Qe4 b4 34. Nd4 c3 35. bxc3 bxc3 36. Rc2 Rc5 37. Ne2 Qxd5 38. Qe3 Qd1+ 39. Kh2 Qxc2 0-1


[Site "https://www.chess.com"]

[Event "Titled Tuesday Blitz June 21 Early 2022"]
[White "Clarke, Brandon G I"]
[Black "Sarkar, Justin"]
[WhiteFideId "400319"]
[BlackFideId "2010011"]
[WhiteElo "2414"]
[BlackElo "2020"]
[Result "1-0"]
[Round "07"]
[TimeControl "180+1"]
[Date "2022.06.22"]
[WhiteClock "0:00:17"]
[BlackClock "0:00:01"]

1. e4 e5 2. Nf3 Nc6 3. Bc4 Nf6 4. Ng5 d5 5. exd5 b5 6. Bf1 Nxd5 7. Bxb5 Bb7 8. d4 exd4 9. O-O Be7 10. Nf3 O-O 11. Nxd4 Nxd4 12. Qxd4 Nb4 13. Qxd8 Rfxd8 14. Na3 Bf6 15. c3 Nd3 16. Rd1 Nxc1 17. Raxc1 Bg5 18. Rxd8+ Rxd8 19. Re1 Kf8 20. g3 g6 21. f4 Be7 22. Nc4 Bc5+ 23. Kf1 c6 24. Na5 Bc8 25. Bxc6 Bb6 26. Nb3 Ba6+ 27. Kg2 Bc4 28. Bf3 a5 29. Rd1 Re8 30. Nc1 a4 31. b3 axb3 32. axb3 Ba6 33. c4 1-0


[Site "https://www.chess.com"]

[Event "Titled Tuesday Blitz June 21 Early 2022"]
[White "Costachi, Mihnea"]
[Black "Jia, Haoxiang"]
[WhiteFideId "1217518"]
[BlackFideId "8602999"]
[WhiteElo "2476"]
[BlackElo "2615"]
[Result "1-0"]
[Round "07"]
[TimeControl "180+1"]
[Date "2022.06.21"]
[WhiteClock "0:00:14"]
[BlackClock "0:00:10"]

1. d4 d5 2. c4 c6 3. Nc3 Nf6 4. Nf3 dxc4 5. e4 b5 6. Be2 b4 7. Na4 Nxe4 8. Bxc4 e6 9. O-O Be7 10. Re1 Nd6 11. Bb3 Nd7 12. Bf4 O-O 13. Rc1 Nb6 14. Ne5 Nxa4 15. Nxc6 Qe8 16. Bxa4 Bd7 17. Qd2 Nf5 18. d5 Bf6 19. dxe6 Bxe6 20. Qxb4 Kh8 21. b3 Rg8 22. Nxa7 Qf8 23. Qxf8 Rgxf8 24. Nb5 g5 25. Be5 Bxe5 26. Rxe5 Rad8 27. Nc3 Rd2 28. Re2 Rfd8 29. Rxd2 Rxd2 30. Ne4 Rxa2 31. Nxg5 Bd5 32. h3 h6 33. Rd1 Ne7 34. Re1 Ng6 35. Rd1 Ne7 36. Nf3 Bxf3 37. gxf3 Kg7 38. Bb5 Kf6 39. Bc4 Nf5 40. Rd7 Nd4 41. Rxd4 Ra1+ 42. Kg2 Re1 43. Rf4+ Kg5 44. Rxf7 h5 45. f4+ Kh4 46. f5 Kg5 47. Rh7 Re5 48. Be6 Kh4 49. Bf7 Kg5 50. Rxh5+ Kf4 51. f6 Re2 52. Bc4 Re4 53. f7 1-0


[Site "https://www.chess.com"]

[Event "Titled Tuesday Blitz June 21 Early 2022"]
[White "Curtis, John"]
[Black "Ajay Krishna, S"]
[WhiteFideId "3200256"]
[BlackFideId "5096430"]
[WhiteElo "2203"]
[BlackElo "2247"]
[Result "0-1"]
[Round "07"]
[TimeControl "180+1"]
[Date "2022.06.22"]
[WhiteClock "0:00:14"]
[BlackClock "0:00:29"]

1. e4 e5 2. Nf3 Nc6 3. Bb5 a6 4. Bxc6 dxc6 5. O-O Bg4 6. d3 Nf6 7. Be3 Bd6 8. Nbd2 c5 9. a4 O-O 10. a5 Nd7 11. h3 Bxf3 12. Qxf3 Re8 13. Rfe1 Nf8 14. Qg3 Ne6 15. c3 b5 16. axb6 cxb6 17. Nc4 Bc7 18. Rad1 b5 19. Na3 Qf6 20. Bc1 Rad8 21. Nc2 h6 22. Ne3 Nf4 23. Nf5 Kh7 24. Qf3 g6 25. Nxh6 Kxh6 26. g3 g5 27. gxf4 gxf4 28. Kh2 Rg8 29. Rg1 Qh4 30. Rxg8 Rxg8 31. d4 cxd4 32. cxd4 f6 33. d5 Bb6 34. Rg1 Rc8 35. Rf1 Bxf2 36. Rxf2 Rxc1 37. Rg2 Qe1 38. Rg6+ Kxg6 39. Qg4+ Kh6 40. Qh4+ Qxh4 0-1


[Site "https://www.chess.com"]

[Event "Titled Tuesday Blitz June 21 Early 2022"]
[White "D`Arruda, Ricardo D."]
[Black "Alexiadis, Hristos"]
[WhiteFideId "100692"]
[BlackFideId "4249623"]
[WhiteElo "2511"]
[BlackElo "2416"]
[Result "0-1"]
[Round "07"]
[TimeControl "180+1"]
[Date "2022.06.22"]
[WhiteClock "0:00:25"]
[BlackClock "0:00:53"]

1. d4 Nf6 2. Nf3 e6 3. c4 b6 4. Nc3 Bb4 5. Bg5 h6 6. Bh4 g5 7. Bg3 Ne4 8. Qc2 Bb7 9. e3 f5 10. Bd3 d6 11. O-O Bxc3 12. bxc3 Nd7 13. d5 Ndc5 14. Nd4 Qf6 15. dxe6 Nxd3 16. Qxd3 O-O 17. f3 Nc5 18. Qd2 Nxe6 19. e4 f4 20. Bf2 Rf7 21. Nf5 Kh7 22. g4 fxg3 23. hxg3 g4 24. fxg4 Ng5 25. Bd4 Qe6 26. Rae1 Bxe4 27. Nxh6 Rxf1+ 28. Rxf1 Qxh6 29. Be3 Qh1+ 30. Kf2 Qg2+ 31. Ke1 Nf3+ 32. Rxf3 Qxf3 33. Qh2+ Kg8 34. Bd4 Qh1+ 0-1


[Site "https://www.chess.com"]